 Dungeon Crawl Stone Soup version 0.31-a0-369-g8eba5f6939 (webtiles) character file.

Game seed: 4785735789999659071

201 RepHenryClay the Twirler (level 6, -4/44 HPs)
             Began as a Formicid Gladiator on July 29, 2023.
             Slain by an orc
             ... wielding a +2 heavy mace
              (10 damage)
             ... on level 4 of the Dungeon.
             The game lasted 00:03:20 (2792 turns).

RepHenryClay the Twirler (Formicid Gladiator)       Turns: 2792, Time: 00:03:21

Health: -4/44      AC:  8    Str: 26    XL:     6   Next: 7%
Magic:  6/6        EV: 16    Int:  8    God:
Gold:   192        SH:  0    Dex: 15    Spells: 5/5 levels left

rFire   . . .        a - +0 quarterstaff
rCold   . . .        (no shield)
rNeg    . . .        j - +0 scale mail
rPois   +            (helmet unavailable)
rElec   .            (no cloak)
rCorr   .            e - +0 pair of gloves
SInv    +            (no boots)
Will    .....        v - amulet of Checkmate {RegenMP rPois} Stlth
                     i - +5 ring of evasion
HPRegen 0.27/turn    p - +6 ring of strength
MPRegen 0.50/turn

%: no passive effects
@: no status effects
A: permanent stasis, dig shafts and tunnels, antennae 3, four strong arms
a: Dig, Shaft Self


You were on level 4 of the Dungeon.
You visited 1 branch of the dungeon, and saw 4 of its levels.

You collected 192 gold pieces.

Inventory:

Hand Weapons
 a - a +0 quarterstaff (weapon)
 w - a +4 morningstar
Missiles
 c - 3 throwing nets (quivered)
 d - 6 javelins
Armour
 b - a +0 leather armour
 e - a +0 pair of gloves (worn)
 j - a +0 scale mail (worn)
Jewellery
 i - a +5 ring of evasion (left hand)
 p - a +6 ring of strength (right hand)
 v - the amulet of Checkmate (around neck) {RegenMP rPois}
   (You found it on level 4 of the Dungeon)

   [amulet of magic regeneration]

   It increases your rate of magic regeneration.
   rPois:     It protects you from poison.
Scrolls
 k - 2 scrolls of identify {unknown}
 n - a scroll of butterflies {unknown}
 o - a scroll of immolation {unknown}
 s - 2 scrolls of enchant weapon {unknown}
 u - a scroll of acquirement {unknown}
 x - a scroll of teleportation {unknown}
Potions
 f - a potion of ambrosia {unknown}
 g - a potion of curing
 h - a potion of brilliance {unknown}
 l - 2 potions of magic {unknown}
 m - a potion of lignification {unknown}
 q - a potion of enlightenment {unknown}
 r - a potion of might {unknown}
 t - a potion of berserk rage {unknown}


   Skills:
 - Level 2.1 Fighting
 + Level 4.9 Staves
 - Level 2.0 Throwing
 + Level 4.0 Armour
 - Level 2.6 Dodging


You had 5 spell levels left.
You didn't know any spells.
Your spell library contained the following spells:

 Spells                   Type           Power      Damage    Failure   Level
 Cigotuvi's Dreadful Rot  Necr/Pois/Air  0%         N/A       82%         2
 Passwall                 Tmut/Erth      0%         N/A       82%         2
 Ignite Poison            Fire/Tmut/Pois 0%         N/A       96%         3
 Dispel Undead            Necr           0%         3d6       100%        4
 Irradiate                Conj/Tmut      0%         3d11      100%        5
 Death Channel            Necr           0%         N/A       100%        6
 Eringya's Noxious Bog    Tmut/Pois      0%         4d6       100%        6


Dungeon Overview and Level Annotations

Branches:
Dungeon (4/15)
 Temple: D:4-7

Altars:

Annotations:
D:4 3 runed translucent doors, drugrobin's ghost, weakling DgDe


Innate Abilities, Weirdness & Mutations

You cannot be hasted, slowed, berserked, paralysed or teleported.
You can dig through walls and to a lower floor.
You have a pair of large antennae on your head. (SInv)
Your four strong arms can wield two-handed weapons with a shield.


Message History

You kill the scorpion!
You feel very sick. The orc completely misses you.
The orc hits you with a +0 whip. The orc barely misses you.
Your Armour skill increases to level 4!
You have reached level 6!
Huge Dmg: -12%(-5hp) hp: 41%(18hp)
You hit the orc.
The orc is heavily wounded.
You feel sick. The orc hits you with a +0 whip.
* * * LOW HITPOINT WARNING * * *
The orc hits you with a +0 hand axe.
* * * LOW HITPOINT WARNING * * *
Huge Dmg: -13%(-6hp) hp: 28%(12hp)
You closely miss the orc.
The orc is heavily wounded.
You feel sick. The orc completely misses you.
The orc hits you with a +2 heavy mace!
* * * LOW HITPOINT WARNING * * *
The orc barely misses you.
Huge Dmg: -21%(-9hp) hp: 7%(3hp) It was a potion of curing.
You feel better. The orc hits you but does no damage.
The orc closely misses you. The orc misses you.
You hit the orc but do no damage.
The orc is heavily wounded.
The orc misses you. The orc hits you but does no damage.
You hit the orc but do no damage.
The orc is heavily wounded.
The orc hits you but does no damage. The orc misses you. x2
You barely miss the orc.
The orc is heavily wounded.
The orc hits you with a +0 hand axe.
* * * LOW HITPOINT WARNING * * *
The orc closely misses you. The orc misses you. x2
The orc closely misses you.
Huge Dmg: -7%(-3hp) hp: 14%(6hp)
The orc attacks as you move away! The orc barely misses you.
The orc hits you with a +2 heavy mace!
You die...

##...†.#..#..#.#....##.# #
#...................#.###
##........#.............##
#....##..###..........)...
#....##...##........#.....
#..#...###...........#.....
#(..##...#..............###.
#........##........###.## ##
........@........#.#..####
#.....ooo.....#...........
.........#..............<.
#....##.##................
#..#. ......###+++###.....
.. # ...#...#gS...B.#..... #
....#...#{......#.....
....... #.##.##.#..... .#.
#.# .#.....


You could see 3 orcs and a ball python.

Vanquished Creatures
  A scorpion (D:4)
  A hound (D:4)
  3 adders
  3 worms
  4 orcs (D:4)
  6 endoplasms
  3 giant cockroaches
  6 goblins
  5 hobgoblins
  3 jackals (D:1)
  2 quokkas
  6 ball pythons
  5 bats
  A frilled lizard (D:3)
  11 kobolds
  8 rats
68 creatures vanquished.

Notes
Turn   | Place    | Note
-------+----------+-------------------------------------------
     0 | D:1      | RepHenryClay the Formicid Gladiator began the quest for the
                  | Orb.
     0 | D:1      | Reached XP level 1. HP: 16/16 MP: 1/1
   509 | D:1      | Reached skill level 1 in Armour
   509 | D:1      | Reached XP level 2. HP: 21/22 MP: 2/2
   511 | D:1      | Got the Omnibus of Inconstant Hyperthermia
   799 | D:1      | Reached XP level 3. HP: 27/27 MP: 3/3
  1413 | D:2      | Reached XP level 4. HP: 27/33 MP: 4/4
  2201 | D:3      | Found a faded altar of an unknown god.
  2492 | D:4      | Identified the amulet of Checkmate {RegenMP rPois}
  2529 | D:4      | Reached XP level 5. HP: 28/38 MP: 5/5
  2530 | D:4      | Noticed drugrobin's ghost (weakling DgDe)
  2701 | D:4      | Found a runed translucent gate.
  2701 | D:4      | Found a runed translucent gate.
  2701 | D:4      | Found a runed translucent gate.
  2786 | D:4      | Reached XP level 6. HP: 18/44 MP: 6/6
  2792 | D:4      | Slain by an orc

Illustrated notes

Levels and vault maps discovered:
D:1:      beargit_arrival_greenhouse, layout_basic,
          hangedman_abyss_or_decor_lesser_grid
D:2:      layout_loops_ring
D:3:      layout_basic, nicolae_ecumenical_lake_church
D:4:      layout_cave_pools, gammafunk_ghost_split, abandoned_shop,
          minmay_manual_moon

Skill      XL: |  1  2  3  4  5 |
---------------+----------------+-----
Armour         | 1 2 3 4 |  4.0
Staves         | 4 |  4.9
Fighting       | |  2.1
Throwing       | |  2.0
Dodging        | |  2.6

Action                     |  1- 3 |  4- 6 || total
---------------------------+-------+-------++-------
  Melee: Quarterstaff      |    87 |   106 ||   193
         Punch             |     1 |       ||     1
    Use: Potion            |       |     1 ||     1
   Stab: Sleeping          |     1 |       ||     1
 Armour: Leather armour    |    21 |       ||    21
         Scale mail        |     3 |    37 ||    40
  Dodge: Dodged            |    42 |    86 ||   128

Table legend: (Time is in decaauts)
 A = Elapsed time spent in this place.
 B = Non-inter-level travel time spent in this place.
 C = Inter-level travel time spent in this place.
 D = Time resting spent in this place.
 E = Time spent auto-exploring this place.
 F = Levels seen in this place.
 G = Mean time per level.
                   A        B        C        D        E       F      G
               +--------+--------+--------+--------+--------+-----+--------+
         Total |   2812 |   2748 |     64 |      0 |   2266 |   4 |  703.0 |
       Dungeon |   2812 |   2748 |     64 |      0 |   2266 |   4 |  703.0 |
               +--------+--------+--------+--------+--------+-----+--------+

Top non-repeatable levels by time:
     D:1: 1069 daAuts
     D:2: 759 daAuts
     D:3: 678 daAuts
     D:4: 304 daAuts
